Map: King's Cove LE

Players

Kas

  • Race: Terran Terran
  • Spawn Location: 5:00

Namshar - Winner!

  • Race: Zerg Zerg
  • Spawn Location: 11:00

Event: 2019 WCS Spring

VOD

Have the link to the VOD?

Description

Time

  • Played on: May 17, 2019, 12:39 p.m.
  • Length: 31:13

All games in this series

Show
View Real Time Build Order
Export as new Build Order

Kas Terran 

Build Orders: Hellion Opening, Reaper Expand 

Get SALT Encoding   

  12  0:00  SCV  
  13  0:12  SCV  
  14  0:17  Supply Depot  
  14  0:25  SCV  
  15  0:39  SCV  
  15  0:40  Barracks  
  16  0:45  Refinery  
  16  0:51  SCV  
  17  1:03  SCV  
  18  1:15  SCV  
  19  1:27  Orbital Command  
  19  1:28  Reaper  
  20  1:42  Command Center  
  20  1:52  Supply Depot  
  21  1:54  SCV  
  21  2:00  Marine  
  22  2:06  SCV  
  23  2:11  Factory  
  23  2:18  Refinery  
  23  2:21  SCV  
  24  2:28  Barracks Reactor  
  24  2:38  SCV  
  25  2:50  SCV  
  26  2:54  Orbital Command  
  26  2:57  Starport  
  26  3:07  SCV  
  26  3:09  Hellion x2  
  31  3:15  Barracks Tech Lab  
  31  3:21  SCV x2  
  33  3:29  Supply Depot  
  33  3:33  SCV, Hellion x2  
  38  3:35  Viking  
  38  3:37  SCV  
  38  3:41  Marauder  
  43  3:46  SCV  
  44  3:50  SCV  
  44  3:52  Supply Depot  
  45  3:56  Hellion x2  
  45  4:02  Marauder  
  51  4:04  SCV  
  51  4:05  SCV  
  53  4:14  Armory, Medivac  
  53  4:16  SCV  
  56  4:25  SCV  
  56  4:26  Hellion x2  
  56  4:27  Concussive Shells  
  56  4:30  SCV  
  62  4:35  Supply Depot  
  62  4:57  SCV x2, Hellion x2  
  62  4:58  Command Center  
  68  5:09  SCV  
  68  5:14  SCV  
  70  5:16  Refinery  
  70  5:17  Refinery  
  70  5:19  Factory x2  
  70  5:26  SCV  
  70  5:28  SCV  
  70  5:34  Hellion  
  70  5:37  Hellion  
  70  5:47  SCV x2  
  66  5:50  Supply Depot x2  
  59  5:59  SCV x2  
  59  6:02  Cyclone  
  57  6:06  Terran Vehicle And Ship Armor Level 1  
  58  6:12  SCV x2, Hellion  
  58  6:13  Hellion, Orbital Command, Factory Tech Lab  
  58  6:18  Factory x2  
  63  6:24  SCV x2  
  65  6:26  Mag-Field Accelerator  
  65  6:33  Cyclone  
  65  6:34  Hellion x2, Cyclone  
  65  6:36  SCV x2  
  77  6:41  Orbital Command  
  75  6:48  SCV x2  
  75  6:54  Hellion  
  77  6:57  Hellion x2  
  77  6:59  Refinery  
  77  7:00  SCV x2  
  83  7:03  Factory Tech Lab, Refinery  
  83  7:05  Cyclone, Factory Reactor  
  83  7:07  Cyclone, Command Center  
  89  7:09  Supply Depot  
  89  7:10  SCV  
  89  7:12  SCV  
  91  7:16  SCV  
  91  7:18  Drilling Claws  
  91  7:21  Widow Mine  
  91  7:22  SCV, Widow Mine  
  97  7:23  Cyclone  
  97  7:25  Hellion  
  97  7:26  SCV  
  101  7:31  SCV, Supply Depot  
  101  7:32  Supply Depot x2  
  101  7:34  SCV  
  103  7:43  SCV x2, Cyclone  
  108  7:50  SCV  
  109  7:51  Supply Depot  
  109  7:53  Widow Mine x3  
  109  7:55  SCV, Supply Depot  
  116  7:59  SCV  
  116  8:00  Cyclone x2  
  116  8:04  Terran Vehicle And Ship Armor Level 2, Supply Depot  
  116  8:05  SCV  
  124  8:10  Hellion  
  124  8:12  Starport Reactor  
  126  8:13  SCV  
  126  8:15  Cyclone  
  126  8:17  Supply Depot x2  
  130  8:23  SCV  
  130  8:24  SCV  
  130  8:26  Engineering Bay  
  132  8:30  SCV  
  132  8:32  Cyclone  
  134  8:44  Refinery  
  134  8:47  Cyclone  
  134  8:48  Hellion x2, Liberator x2  
  139  8:55  Cyclone  
  133  9:04  Starport, Cyclone  
  133  9:06  Planetary Fortress, Fusion Core  
  133  9:09  SCV x2  
  144  9:10  Refinery  
  144  9:11  SCV  
  144  9:15  Supply Depot  
  145  9:19  Cyclone  
  145  9:21  SCV  
  145  9:22  Command Center  
  149  9:26  Factory  
  149  9:27  Factory  
  149  9:32  SCV  
  149  9:33  SCV x2, Factory  
  152  9:39  Cyclone, Liberator  
  152  9:40  Cyclone  
  152  9:45  Starport Reactor  
  155  9:51  Cyclone  
  152  9:58  Hellion x2  
  147  10:01  Hellion x2  
  138  10:09  Sensor Tower  
  138  10:11  Cyclone  
  138  10:12  Cyclone, Factory Tech Lab x2  
  138  10:14  Missile Turret  
  144  10:15  SCV  
  144  10:16  SCV x3  
  144  10:19  Factory Reactor  
  148  10:23  Cyclone  
  148  10:24  Liberator  
  147  10:34  Cyclone  
  138  10:44  Cyclone x2  
  138  10:46  Planetary Fortress  
  138  10:48  Missile Turret  
  138  10:49  SCV, Missile Turret, Refinery x2  
  145  10:52  Command Center  
  145  10:55  Cyclone  
  148  11:00  Terran Vehicle Weapons Level 1  
  148  11:01  Armory, Cyclone  
  144  11:15  Cyclone  
  144  11:16  Cyclone  
  144  11:17  Cyclone  
  139  11:28  Cyclone  
  139  11:33  Cyclone  
  139  11:38  Command Center, Liberator  
  139  11:40  Hellion x2  
  139  11:41  Hellion  
  139  11:43  SCV x2  
  139  11:46  SCV x2, Command Center  
  149  11:48  Cyclone x2  
  149  11:49  Cyclone  
  161  12:02  Cyclone  
  161  12:03  Hellion x2  
  161  12:05  Cyclone  
  161  12:06  Starport  
  161  12:07  Orbital Command  
  171  12:09  Starport Tech Lab  
  171  12:14  SCV  
  172  12:20  Cyclone  
  175  12:25  Command Center  
  175  12:30  Liberator  
  175  12:31  Terran Vehicle And Ship Armor Level 3, Liberator  
  175  12:33  Cyclone  
  178  12:43  Liberator  
  178  12:44  Advanced Ballistics  
  181  12:53  Command Center  
  173  13:02  Orbital Command  
  173  13:05  Command Center  
  170  13:07  Missile Turret  
  170  13:09  Infernal Pre-Igniter  
  170  13:10  Cyclone x2  
  176  13:13  Hellion  
  176  13:14  Hellion x3  
  182  13:23  Orbital Command  
  169  13:29  Liberator x3  
  169  13:30  Cyclone x2  
  169  13:31  Cyclone  
  169  13:32  Hellion x2  
  149  13:35  Hellion  
  149  13:36  Hellion x3  
  157  13:42  Cyclone  
  170  13:55  SCV  
  170  14:00  Sensor Tower  
  170  14:01  Cyclone  
  170  14:02  Cyclone  
  176  14:03  Hellion x3  
  176  14:04  SCV  
  176  14:05  SCV  
  176  14:06  SCV  
  176  14:08  SCV  
  186  14:11  Liberator  
  186  14:12  Planetary Fortress  
  186  14:21  Command Center  
  186  14:23  Missile Turret  
  189  14:38  Cyclone  
  189  14:43  Terran Vehicle Weapons Level 2  
  192  14:45  Command Center  
  192  14:52  Cyclone x2  
  198  14:53  Liberator x2  
  198  14:55  Liberator x2  
  195  15:05  Starport  
  185  15:29  Liberator  
  185  15:31  Thor x4  
  194  15:47  Thor  
  194  15:57  Command Center  
  194  15:59  Command Center  
  194  16:14  Thor  
  197  16:21  Liberator  
  197  16:22  Liberator  
  197  16:23  Planetary Fortress  
  194  16:28  Cyclone x2  
  200  16:33  Planetary Fortress  
  200  16:39  Missile Turret x2  
  200  16:40  Missile Turret  
  195  17:06  Refinery  
  195  17:08  Refinery  
  195  17:11  Liberator x3  
  193  17:18  Missile Turret  
  193  17:19  Missile Turret  
  193  17:20  Missile Turret  
  197  17:39  Orbital Command  
  197  17:43  Thor  
  200  17:53  Orbital Command  
  200  17:57  Viking  
  198  18:00  Starport, Orbital Command  
  194  18:22  Viking  
  182  18:33  Viking x3  
  180  18:36  Terran Vehicle Weapons Level 3  
  180  18:37  Terran Ship Weapons Level 1  
  180  18:38  Thor  
  180  18:39  Thor x2  
  180  18:40  Viking  
  197  18:43  Orbital Command  
  193  18:52  Viking  
  193  18:55  Thor  
  197  19:03  Viking  
  199  19:16  Starport Reactor  
  199  19:18  Starport, Command Center  
  193  20:01  Viking x3  
  193  20:02  Starport Reactor  
  193  20:03  Command Center  
  199  20:10  Orbital Command x2  
  192  20:36  Hellion x2  
  192  20:38  Viking  
  192  20:39  Viking  
  192  20:40  Terran Ship Weapons Level 2  
  182  21:00  Viking x7  
  182  21:02  Thor x5  
  175  21:04  Hellion x6  
  175  21:08  Viking  
  175  21:09  Viking  
  170  21:29  Orbital Command  
  170  21:30  Viking x7  
  184  21:35  Refinery  
  184  21:38  Viking  
  184  21:39  Hellion x4  
  194  21:43  Refinery  
  194  21:45  Thor  
  200  21:58  Hellion x2  
  198  22:07  Smart Servos  
  198  22:12  Planetary Fortress  
  186  22:54  Liberator x2  
  186  22:55  Liberator x2  
  180  23:01  Thor x3, Refinery  
  180  23:03  Refinery  
  199  23:25  Hellion  
  199  23:38  Command Center  
  199  23:50  Orbital Command  
  199  23:52  Planetary Fortress  
  199  24:15  Sensor Tower  
  195  24:29  Cyclone x2  
  194  24:49  Hellion x3  
  191  25:22  Liberator x4  
  191  25:23  Liberator x2  
  191  25:27  SCV x2  
  191  25:28  SCV x2, Refinery  
  184  25:40  Liberator  
  183  26:00  Missile Turret  
  183  26:01  Hellion x2  
  190  26:06  Orbital Command  
  190  26:10  Sensor Tower  
  190  26:33  Missile Turret  
  190  27:00  Command Center  
  190  27:03  Refinery  
  190  27:09  Command Center  
  190  27:21  Thor x2  
  155  27:30  Thor  
  155  27:33  Viking  
  160  27:51  Refinery  
  160  28:09  Supply Depot  
  160  28:10  Supply Depot x3  
  160  28:12  Supply Depot  
  160  28:16  SCV  
  160  28:19  SCV  
  160  28:20  SCV x3, Thor  
  160  28:21  Hellion x3  
  175  28:30  Thor  
  175  28:31  SCV, Hellion  
  175  28:32  Hellion x4  
  192  28:45  Missile Turret  
  192  28:52  Hellion x2  
  192  28:53  Hellion  
  194  29:05  Hellion x3  
  164  29:35  Hellion  
  164  29:36  Hellion  
  131  29:54  Hellion x2  
  131  29:55  Hellion  
  136  30:15  Hellion x3  
  136  30:16  Hellion  
  136  30:17  Hellion  
Show
View Real Time Build Order
Export as new Build Order

Namshar Zerg - Winner!

Build Orders: Hatch First 

Get SALT Encoding   

  12  0:00  Drone  
  13  0:12  Overlord  
  13  0:17  Drone  
  14  0:30  Drone x2  
  16  0:48  Hatchery  
  15  0:53  Drone  
  15  0:56  Drone  
  17  0:59  Drone  
  18  1:10  Extractor  
  17  1:15  Spawning Pool  
  16  1:19  Drone  
  16  1:21  Drone  
  18  1:27  Drone  
  19  1:38  Drone  
  20  1:48  Overlord  
  20  2:01  Queen x2  
  20  2:02  Zergling x4  
  26  2:11  Metabolic Boost  
  26  2:12  Drone  
  26  2:14  Drone  
  28  2:22  Drone x2  
  30  2:40  Queen  
  30  2:42  Overlord  
  32  2:45  Drone x2  
  32  2:48  Drone  
  35  2:53  Overlord  
  35  2:56  Drone  
  36  3:06  Hatchery  
  36  3:11  Drone  
  36  3:14  Drone x4  
  39  3:20  Drone  
  39  3:22  Queen  
  39  3:25  Drone  
  43  3:31  Queen  
  45  3:37  Overlord  
  45  3:39  Drone  
  46  3:44  Drone x2  
  46  3:45  Drone  
  46  3:47  Drone  
  50  3:50  Overlord  
  50  3:52  Zergling x4  
  52  4:00  Queen  
  54  4:05  Overlord  
  54  4:06  Roach Warren, Drone  
  54  4:09  Zergling x2  
  55  4:15  Drone x4  
  59  4:24  Zergling x4  
  59  4:26  Drone x2  
  63  4:31  Overlord  
  63  4:32  Queen  
  63  4:33  Drone x2  
  63  4:37  Spore Crawler  
  67  4:38  Drone x2  
  67  4:41  Spore Crawler  
  67  4:43  Spore Crawler  
  67  4:45  Drone  
  67  4:51  Drone x4  
  71  4:54  Extractor  
  71  4:55  Extractor  
  71  4:57  Lair  
  69  5:03  Roach x3  
  69  5:05  Drone x2  
  77  5:11  Drone x4  
  79  5:25  Roach  
  79  5:28  Roach x2  
  81  5:35  Roach x2  
  78  5:39  Roach x3  
  78  5:41  Zergling x2  
  81  5:51  Queen  
  81  5:54  Roach  
  79  5:57  Queen  
  79  6:04  Extractor  
  79  6:05  Drone  
  79  6:06  Overlord, Drone x2  
  79  6:07  Overlord  
  79  6:08  Spore Crawler, Extractor  
  79  6:09  Extractor  
  79  6:10  Drone x3  
  81  6:16  Evolution Chamber x2  
  81  6:17  Drone x2  
  81  6:19  Hatchery  
  81  6:20  Overlord  
  81  6:21  Drone  
  81  6:26  Drone x3  
  81  6:31  Drone x3  
  87  6:48  Drone x6  
  87  6:51  Glial Reconstitution  
  87  6:52  Zerg Missile Weapons Level 1, Zerg Ground Armor Level 1  
  92  7:01  Infestation Pit, Extractor  
  92  7:04  Drone  
  92  7:05  Extractor, Queen  
  92  7:09  Roach x7  
  106  7:16  Overlord x4  
  106  7:31  Ravager x3  
  106  7:32  Ravager  
  106  7:33  Drone x2  
  106  7:34  Overlord x3  
  106  7:35  Drone x3  
  106  7:36  Roach x5  
  125  7:37  Queen  
  125  7:43  Ravager x3, Roach  
  132  7:49  Overlord  
  132  7:50  Drone x4  
  136  7:59  Roach x6, Hive  
  136  8:03  Roach  
  150  8:07  Drone x2  
  150  8:08  Overlord x2, Drone  
  153  8:13  Roach x2  
  153  8:15  Ravager  
  158  8:23  Roach x7  
  172  8:32  Overlord  
  172  8:37  Roach x7  
  180  8:43  Roach x3  
  186  8:55  Zerg Ground Armor Level 2, Zerg Missile Weapons Level 2  
  169  8:58  Drone  
  169  8:59  Hydralisk Den  
  169  9:00  Roach x5  
  175  9:05  Ravager  
  175  9:06  Ravager x2  
  180  9:10  Roach  
  180  9:17  Hatchery  
  179  9:23  Roach x9  
  197  9:30  Muscular Augments  
  195  9:40  Extractor  
  195  9:43  Roach x6, Extractor  
  199  9:52  Roach x5  
  191  10:03  Ravager x2  
  189  10:13  Drone x3  
  189  10:14  Drone x3  
  194  10:15  Drone x2  
  194  10:19  Hatchery  
  196  10:21  Overseer  
  196  10:23  Drone  
  196  10:24  Hatchery  
  196  10:26  Spire  
  185  10:30  Roach  
  185  10:31  Roach x7  
  184  10:42  Roach x6, Grooved Spines  
  182  10:48  Viper  
  182  10:49  Viper x2  
  191  10:59  Viper x2  
  166  11:19  Hydralisk x11  
  165  11:34  Hydralisk x7  
  165  11:39  Viper  
  176  11:42  Viper  
  179  11:49  Drone  
  179  11:50  Viper  
  183  12:02  Zerg Ground Armor Level 3  
  183  12:08  Zerg Missile Weapons Level 3  
  183  12:16  Greater Spire  
  183  12:21  Roach x8  
  199  12:31  Overseer  
  199  12:33  Drone  
  199  12:34  Drone x2  
  191  13:10  Drone x12  
  196  13:14  Drone  
  196  13:15  Drone  
  174  13:29  Viper  
  165  13:34  Viper x3  
  165  13:41  Zerg Flyer Weapons Level 1  
  172  13:42  Corruptor x11  
  172  13:48  Spore Crawler  
  187  13:49  Drone x2  
  187  13:50  Spine Crawler x3  
  187  13:51  Spine Crawler  
  185  13:57  Queen  
  187  14:08  Drone  
  187  14:09  Hydralisk x6, Spire  
  199  14:39  Zerg Melee Weapons Level 1  
  199  14:47  Brood Lord  
  199  14:49  Pathogen Glands, Burrow  
  191  15:34  Zerg Flyer Armor Level 1  
  183  15:45  Neural Parasite  
  183  15:47  Brood Lord x10  
  192  16:05  Drone x4  
  192  16:08  Corruptor x2  
  196  16:18  Extractor  
  196  16:20  Spine Crawler  
  196  16:24  Drone x3  
  188  16:31  Zerg Flyer Weapons Level 2  
  183  16:42  Drone x4  
  183  16:44  Drone x3  
  183  16:45  Drone x3  
  193  16:53  Infestor x4  
  199  16:57  Zerg Melee Weapons Level 2  
  197  17:09  Infestor  
  199  17:25  Hydralisk  
  199  17:26  Hydralisk  
  195  17:30  Overseer x3  
  195  17:31  Overseer  
  195  17:57  Hatchery  
  194  18:03  Overlord x2  
  194  18:15  Hydralisk  
  192  18:24  Drone x3  
  192  18:25  Drone x9  
  189  18:40  Hydralisk x3  
  189  18:41  Zergling x20  
  197  18:43  Adrenal Glands  
  197  18:47  Zerg Flyer Armor Level 2  
  197  18:54  Zerg Flyer Weapons Level 3  
  197  18:59  Drone  
  197  19:00  Drone x2  
  200  19:19  Hatchery  
  200  19:23  Zerg Melee Weapons Level 3  
  199  19:24  Extractor  
  199  19:27  Spore Crawler, Spine Crawler  
  199  19:28  Spine Crawler x3  
  199  19:29  Extractor, Drone, Baneling Nest  
  186  19:58  Corruptor x3  
  192  20:01  Brood Lord  
  193  20:31  Infestor x2  
  169  21:00  Hydralisk x11  
  169  21:04  Hydralisk x4  
  162  21:05  Spore Crawler, Spine Crawler  
  162  21:07  Spine Crawler  
  151  21:13  Corruptor x10  
  151  21:14  Corruptor  
  151  21:15  Infestor x5  
  151  21:16  Infestor x2  
  183  21:34  Viper  
  186  21:41  Zerg Flyer Armor Level 3  
  186  21:43  Extractor  
  186  21:44  Zergling x30  
  199  22:23  Hatchery  
  199  22:26  Extractor x2  
  187  22:58  Infestor, Brood Lord x8  
  175  22:59  Infestor  
  172  23:19  Hatchery, Overlord x4  
  171  23:35  Corruptor x5  
  171  23:36  Corruptor  
  182  23:43  Zergling x34  
  198  24:05  Hatchery  
  193  24:20  Corruptor x2  
  188  24:42  Spore Crawler  
  188  24:43  Spine Crawler x2  
  185  24:46  Drone x2  
  185  24:47  Drone x15  
  198  25:00  Brood Lord  
  178  25:41  Drone x17  
  176  25:45  Corruptor x3  
  176  25:46  Corruptor x2  
  176  25:47  Brood Lord x2  
  192  25:51  Zergling x14  
  199  26:00  Hatchery, Extractor  
  199  26:02  Hatchery  
  199  26:03  Extractor  
  195  26:04  Extractor  
  195  26:06  Extractor  
  191  26:21  Hatchery  
  185  26:38  Hydralisk  
  185  26:39  Zergling x18  
  187  27:02  Overseer x2  
  187  27:07  Hydralisk x6  
  193  27:22  Infestor x2  
  191  27:28  Corruptor x2  
  193  27:37  Viper  
  193  27:38  Viper  
  198  28:07  Centrifical Hooks, Baneling x2  
  198  28:08  Baneling x2  
  198  28:14  Pneumatized Carapace  
  198  28:34  Drone x2  
  200  28:46  Spore Crawler  
  182  29:17  Overseer  
  175  29:32  Hydralisk x2  
  175  29:33  Hydralisk x4, Hatchery  
  175  29:34  Zergling x16  
  186  29:41  Hydralisk  
  186  29:42  Hydralisk, Zergling x18  
  185  29:53  Infestor  
  185  29:54  Infestor x2  
  185  29:56  Zergling x16  
  176  30:31  Hydralisk  
  176  30:32  Hydralisk x4  
  176  30:33  Hydralisk  
  176  30:34  Zergling x28  
  184  30:47  Roach  
Tags
 
Add a new tag
Caveats
  • Supply blocks, unpowered buildings, or Contaminate may cause inaccurate times.
  • Supply counts are checked every 10 seconds.